AoeStats
← xu3u6vm0888

Black Forest

510138398Analyzed
2v2 RM · 3d ago on Sep 29, 2026· 39m 7s· 4 players
Game mode
Random Map
Map size
Medium (4 player)
Population
200
Speed
Normal
Resources
Standard
Victory
Conquest
Starting age
Dark Age
Ending age
Imperial Age
RankedLock teamsTeams togetherTeam positionsShared explorationLock speedFull tech treeHidden civsTurbo modeCheats
Victory
Defeat
🇬🇧 Saxons · United Kingdom
1303
+17
🇹🇼 Burmese · Taiwan
1272
+18
🇿🇦 Muisca · South Africa
1352
-18
🇮🇳 Sicilians · India
1297
-17
elitedurasteel
11:38 Feudal Age
12:26 Double-Bit Axe
12:31 Horse Collar
12:52 Gold Mining
15:19 Castle Age
15:29 Loom
17:39 Fletching
25:31 Scale Mail Armor
30:49 Bodkin Arrow
33:32 Chain Mail Armor
36:16 Heavy Plow
xu3u6vm0888
0:30 Loom
13:53 Feudal Age
20:20 Castle Age
19:13 Horse Collar
22:58 Heavy Plow
29:40 Gold Mining
32:20 Stone Mining
33:08 Gold Shaft Mining
37:58 Imperial Age
35:54 Scale Mail Armor
36:05 Forging
35:56 Gambesons
35:31 Man-at-Arms
36:28 Fletching
36:47 Squires
37:05 Long Swordsman
38:03 Chain Mail Armor
38:24 Iron Casting
40:07 Chemistry
39:02 Two-Handed Swordsman
katzzu
0:29 Loom
13:14 Feudal Age
14:06 Double-Bit Axe
14:52 Fletching
25:49 Castle Age
23:41 Horse Collar
24:11 Scale Mail Armor
25:25 Forging
27:40 Bodkin Arrow
34:52 Imperial Age
32:58 Squires
34:11 Bow Saw
36:09 Chain Mail Armor
36:57 Conscription
36:32 Elite Serjeant
38:19 Plate Mail Armor
Lilith Realm
0:58 Loom
3:04 Loom
11:09 Feudal Age
15:06 Castle Age
13:32 Double-Bit Axe
13:16 Champi Runner
14:08 Horse Collar
16:05 Squires
19:50 Champi Warrior
32:47 Fletching
37:40 Bodkin Arrow
Connection lost

Rejoining the realm…

Still unreachable

The connection could not be restored.

Session expired

The server has moved on; the page needs a fresh start.